AA
SIOUX FALLS CANARIES @ LINCOLN SALTDOGS
06/03/2072
 
TOP OF THE 1ST
Toronto Blue Jays batting - Pitching for Minnesota Twins : RHP Steven Sandlin
Pitching: RHP Steven Sandlin
Batting: LHB Andy Nielsen 0-0: Ball
1-0: Called Strike
1-1: Ball
2-1: SINGLE (Line Drive, 89S, EV 88.1 MPH)
Batting: LHB Elijah Cook 0-0: Ball
1-0: SINGLE (Groundball, 4MD, EV 103.8 MPH)
Andy Nielsen to second
Batting: LHB Chris Howell 0-0: Ball
1-0: Ball
2-0: Ball
3-0: Called Strike
3-1: Base on Balls
Andy Nielsen to third
Elijah Cook to second
Batting: LHB Kyle Poff 0-0: Swinging Strike
0-1: Ball
1-1: Ground out 3-1 (Groundball, 23, EV 86.2 MPH)
Andy Nielsen scores
Elijah Cook to third
Chris Howell to second
Batting: RHB Vance Doyle 0-0: Called Strike
0-1: Swinging Strike
0-2: Ball
Wild Pitch!
Elijah Cook scores
Chris Howell to third
1-2: Strikes out looking
Batting: LHB Luis Arredondo 0-0: Called Strike
0-1: Ball
1-1: Swinging Strike
1-2: SINGLE (Line Drive, 78S, EV 104.4 MPH)
Chris Howell scores
Batting: SHB Mario Ayala 0-0: Called Strike
0-1: Ball
1-1: Swinging Strike
1-2: Ball
2-2: Ball
3-2: Strikes out swinging
Top of the 1st over - 3 runs, 3 hits, 0 errors, 1 left on base; Toronto 3 - Minnesota 0
BOTTOM OF THE 1ST
Minnesota Twins batting - Pitching for Toronto Blue Jays : LHP Jose Ramirez
Pitching: LHP Jose Ramirez
Batting: RHB Jose Romero 0-0: Called Strike
0-1: Ball
1-1: DOUBLE (Line Drive, 89M, EV 92.5 MPH)
Batting: LHB Jason Aguilar 0-0: SINGLE (Line Drive, 7S, EV 88.8 MPH)
Jose Romero to third
Batting: RHB Corey Brassard 0-0: Ball
1-0: Ball
2-0: Called Strike
2-1: Called Strike
2-2: Ball
3-2: Foul Ball, location: 2F
3-2: DOUBLE (Flyball, 89D, EV 100.0 MPH)
Jose Romero scores
Jason Aguilar to third
Batting: SHB Gerolamo Taschini 0-0: Ball
1-0: Ball
2-0: Foul Ball, location: 2F
2-1: Ground out 4-3 (Groundball, 34, EV 106.9 MPH)
Jason Aguilar scores
Corey Brassard to third
Batting: RHB Tony Denekas 0-0: Fly out, F7 (Line Drive, 7, EV 89.4 MPH)
Runner from 3rd tags up, SCORES, throw by LF
Batting: LHB Armando Beltran 0-0: Called Strike
0-1: Ground out U3 (Groundball, 34, EV 83.8 MPH)
Bottom of the 1st over - 3 runs, 3 hits, 0 errors, 0 left on base; Toronto 3 - Minnesota 3
TOP OF THE 2ND
Toronto Blue Jays batting - Pitching for Minnesota Twins : RHP Steven Sandlin
Batting: RHB Mitch Ceballos 0-0: SINGLE (Groundball, 6D, EV 93.8 MPH)
Batting: SHB Dusty Mallory 0-0: 2-RUN HOME RUN (Flyball, 78XD, EV 101.9 MPH), Distance : 457 ft
Batting: LHB Andy Nielsen 0-0: Fly out, F8 (Line Drive, 8RD, EV 96.9 MPH)
Batting: LHB Elijah Cook 0-0: Ball
1-0: Swinging Strike
1-1: Fly out, F9 (Flyball, 9S, EV 85.6 MPH)
Batting: LHB Chris Howell 0-0: Ball
1-0: Ground out 2-3 (Groundball, 15S, EV 71.9 MPH)
Top of the 2nd over - 2 runs, 2 hits, 0 errors, 0 left on base; Toronto 5 - Minnesota 3
BOTTOM OF THE 2ND
Minnesota Twins batting - Pitching for Toronto Blue Jays : LHP Jose Ramirez
Batting: RHB Alex Cazares 0-0: Ground out 5-3 (Groundball, 56, EV 88.8 MPH)
Batting: LHB Julio Trujillo 0-0: SINGLE (Line Drive, 8LS, EV 101.2 MPH)
Batting: RHB Carlos Chavez 0-0: Ball
1-0: Ball
2-0: Called Strike
2-1: Swinging Strike
2-2: Strikes out swinging
Batting: RHB Jose Romero 0-0: Ball
1-0: Called Strike
1-1: Ball
2-1: Foul Ball, location: 2F
2-2: Ground out 3-1 (Groundball, 34S, EV 94.4 MPH)
Bottom of the 2nd over - 0 runs, 1 hit, 0 errors, 1 left on base; Toronto 5 - Minnesota 3
TOP OF THE 3RD
Toronto Blue Jays batting - Pitching for Minnesota Twins : RHP Steven Sandlin
Batting: LHB Kyle Poff 0-0: Ball
1-0: Fly out, F8 (Line Drive, 8RD, EV 95.0 MPH)
Batting: RHB Vance Doyle 0-0: Ball
1-0: Swinging Strike
1-1: Called Strike
1-2: Strikes out swinging, 2-3 out at first.
Batting: LHB Luis Arredondo 0-0: Ball
1-0: Ball
2-0: Fly out, F8 (Line Drive, 8LD, EV 106.2 MPH)
Top of the 3rd over - 0 runs, 0 hits, 0 errors, 0 left on base; Toronto 5 - Minnesota 3
BOTTOM OF THE 3RD
Minnesota Twins batting - Pitching for Toronto Blue Jays : LHP Jose Ramirez
Batting: LHB Jason Aguilar 0-0: Called Strike
0-1: Foul Ball, location: 2F
0-2: Ball
1-2: Strikes out swinging
Batting: RHB Corey Brassard 0-0: Ball
1-0: Fly out, F8 (Flyball, 8RS, EV 85.0 MPH)
Batting: SHB Gerolamo Taschini 0-0: Ball
1-0: Swinging Strike
1-1: Foul Ball, location: 2F
1-2: Ball
2-2: Ball
3-2: SINGLE (Line Drive, 3L, EV 96.2 MPH)
Batting: RHB Tony Denekas 0-0: Ball
1-0: Ball
2-0: Fly out, F8 (Flyball, 78D, EV 100.0 MPH)
Bottom of the 3rd over - 0 runs, 1 hit, 0 errors, 1 left on base; Toronto 5 - Minnesota 3
TOP OF THE 4TH
Toronto Blue Jays batting - Pitching for Minnesota Twins : RHP Steven Sandlin
Batting: SHB Mario Ayala 0-0: Called Strike
0-1: Ball
1-1: Ball
2-1: Called Strike
2-2: Foul Ball, location: 2F
2-2: Strikes out swinging
Batting: RHB Mitch Ceballos 0-0: Ball
1-0: Fly out, F5 (Flyball, 5D, EV 76.2 MPH)
Pitching: LHP Pedro Solis
Batting: SHB Dusty Mallory 0-0: Ground out 5-3 (Groundball, 15, EV 84.4 MPH)
Top of the 4th over - 0 runs, 0 hits, 0 errors, 0 left on base; Toronto 5 - Minnesota 3
BOTTOM OF THE 4TH
Minnesota Twins batting - Pitching for Toronto Blue Jays : LHP Jose Ramirez
Batting: LHB Armando Beltran 0-0: Foul Ball, location: 2F
0-1: DOUBLE (Groundball, 5L, EV 103.8 MPH)
Batting: RHB Alex Cazares 0-0: Ball
1-0: Ball
2-0: DOUBLE (Line Drive, 3D, EV 98.1 MPH)
Armando Beltran scores
Batting: LHB Julio Trujillo 0-0: Ball
1-0: Swinging Strike
1-1: Ball
2-1: Ground out 4-3 (Groundball, 4, EV 89.4 MPH)
Alex Cazares to third
Batting: RHB Carlos Chavez 0-0: Ground out 5-3 (Groundball, 5S, EV 66.2 MPH)
Batting: RHB Jose Romero 0-0: Ground out 4-3 (Groundball, 4, EV 103.8 MPH)
Bottom of the 4th over - 1 run, 2 hits, 0 errors, 1 left on base; Toronto 5 - Minnesota 4
TOP OF THE 5TH
Toronto Blue Jays batting - Pitching for Minnesota Twins : LHP Pedro Solis
Batting: LHB Andy Nielsen 0-0: Called Strike
0-1: Swinging Strike
0-2: Ball
1-2: Strikes out swinging
Batting: LHB Elijah Cook 0-0: Ball
1-0: Ground out 3-1 (Groundball, 13, EV 85.0 MPH)
Batting: LHB Chris Howell 0-0: SINGLE (Flyball, 3D, EV 90.0 MPH)
Batting: LHB Kyle Poff 0-0: Called Strike
0-1: Swinging Strike
0-2: Fielders Choice at 2nd, 6-4 (Groundball, 6, EV 100.6 MPH)
Top of the 5th over - 0 runs, 1 hit, 0 errors, 1 left on base; Toronto 5 - Minnesota 4
BOTTOM OF THE 5TH
Minnesota Twins batting - Pitching for Toronto Blue Jays : LHP Jose Ramirez
Pitching: RHP Valentin Ceniceros
Batting: LHB Jason Aguilar 0-0: Called Strike
0-1: Called Strike
0-2: Ball
1-2: Fly out, F7 (Flyball, 78XD, EV 91.2 MPH)
Batting: RHB Corey Brassard 0-0: Ball
1-0: Swinging Strike
1-1: Foul Ball, location: 2F
1-2: Ball
2-2: Strikes out swinging
Batting: SHB Gerolamo Taschini 0-0: Called Strike
0-1: Ball
1-1: Ball
2-1: Ball
3-1: Fly out, F4 (Flyball, 4MD, EV 95.0 MPH)
Bottom of the 5th over - 0 runs, 0 hits, 0 errors, 0 left on base; Toronto 5 - Minnesota 4
TOP OF THE 6TH
Toronto Blue Jays batting - Pitching for Minnesota Twins : LHP Pedro Solis
Batting: RHB Vance Doyle 0-0: Swinging Strike
0-1: Ball
1-1: Called Strike
1-2: Ball
2-2: Strikes out swinging
Batting: LHB Luis Arredondo 0-0: Ball
1-0: Foul Ball, location: 2F
1-1: Foul Ball, location: 2F
1-2: SINGLE (Line Drive, 7LM, EV 108.1 MPH)
Batting: SHB Mario Ayala 0-0: Foul Ball, location: 2F
0-1: Swinging Strike
0-2: Strikes out looking
Batting: RHB Mitch Ceballos 0-0: Called Strike
0-1: Ball
1-1: Foul Ball, location: 2F
1-2: Ground out 4-3 (Groundball, 4, EV 89.4 MPH)
Top of the 6th over - 0 runs, 1 hit, 0 errors, 1 left on base; Toronto 5 - Minnesota 4
BOTTOM OF THE 6TH
Minnesota Twins batting - Pitching for Toronto Blue Jays : RHP Valentin Ceniceros
Batting: RHB Tony Denekas 0-0: Ground out 6-3 (Groundball, 6, EV 78.8 MPH)
Batting: LHB Armando Beltran 0-0: Called Strike
0-1: Called Strike
0-2: Ball
1-2: Fly out, F8 (Flyball, 8RS, EV 75.6 MPH)
Batting: RHB Alex Cazares 0-0: Ball
1-0: Ball
2-0: Foul Ball, location: 2F
2-1: Ball
3-1: Fly out, F9 (Flyball, 89M, EV 98.1 MPH)
Bottom of the 6th over - 0 runs, 0 hits, 0 errors, 0 left on base; Toronto 5 - Minnesota 4
TOP OF THE 7TH
Toronto Blue Jays batting - Pitching for Minnesota Twins : LHP Pedro Solis
Pitching: RHP Mike Woods
Batting: SHB Dusty Mallory 0-0: Called Strike
0-1: Called Strike
0-2: Strikes out looking
Pinch Hitting: RHB Jim McLeod 0-0: Called Strike
0-1: Ball
1-1: Foul Ball, location: 2F
1-2: Fly out, F8 (Line Drive, 8LD, EV 98.8 MPH)
Pinch Hitting: LHB Javy Montejano 0-0: Called Strike
0-1: Foul Ball, location: 2F
0-2: Ground out 6-3 (Groundball, 6, EV 86.2 MPH)
Top of the 7th over - 0 runs, 0 hits, 0 errors, 0 left on base; Toronto 5 - Minnesota 4
BOTTOM OF THE 7TH
Minnesota Twins batting - Pitching for Toronto Blue Jays : RHP Valentin Ceniceros
Pitching: RHP Mike Sechler
Now in LF: Jim McLeod
Now in CF: Danny Ramirez
Batting: LHB Julio Trujillo 0-0: Called Strike
0-1: Ball
1-1: Foul Ball, location: 2F
1-2: Ball
2-2: Strikes out swinging
Batting: RHB Carlos Chavez 0-0: Called Strike
0-1: Called Strike
0-2: SINGLE (Groundball, 5S, EV 65.6 MPH) (infield hit)
Pinch Hitting: RHB John Hede 0-0: Ball
1-0: Swinging Strike
1-1: Foul Ball, location: 2F
1-2: Fly out, F9 (Flyball, 89XD, EV 105.0 MPH)
Pinch Hitting: RHB Zachary McDuffie 0-0: Swinging Strike
0-1: Foul Ball, location: 2F
0-2: Ball
1-2: Ball
2-2: Ground out U3 (Groundball, 34, EV 100.0 MPH)
Bottom of the 7th over - 0 runs, 1 hit, 0 errors, 1 left on base; Toronto 5 - Minnesota 4
TOP OF THE 8TH
Toronto Blue Jays batting - Pitching for Minnesota Twins : RHP Mike Woods
Now at 1B: John Hede
Now in RF: Zachary McDuffie
Batting: LHB John O'Connor 0-0: Ball
1-0: Ground out 6-3 (Groundball, 6, EV 102.5 MPH)
Pinch Hitting: LHB Rich Van Ness 0-0: Foul Ball, location: 2F
0-1: Called Strike
0-2: Ball
1-2: Ball
2-2: Ball
3-2: Base on Balls
Pinch Hitting: RHB Donald Neve 0-0: Called Strike
0-1: Swinging Strike
0-2: Foul Ball, location: 2F
0-2: Ball
1-2: Foul Ball, location: 2F
1-2: Strikes out swinging
Rich Van Ness steals 2nd base
Batter strikes out.
Pinch Hitting: RHB George Bonder 0-0: Ball
1-0: Swinging Strike
1-1: Ground out 6-3 (Groundball, 6, EV 79.4 MPH)
Top of the 8th over - 0 runs, 0 hits, 0 errors, 1 left on base; Toronto 5 - Minnesota 4
BOTTOM OF THE 8TH
Minnesota Twins batting - Pitching for Toronto Blue Jays : RHP Mike Sechler
Now at 1B: Donald Neve
Now at 2B: Rich Van Ness
Now at 3B: George Bonder
Pinch Hitting: RHB Jonathan Cleland 0-0: Called Strike
0-1: Swinging Strike
0-2: Strikes out swinging
Pinch Hitting: RHB Shane Webb 0-0: Ball
1-0: SINGLE (Groundball, P, EV 83.1 MPH) (infield hit)
Pinch Hitting: LHB David Bellamy 0-0: Ball
1-0: Sac Bunt to 2L - play at first, batter OUT! 2-3
Shane Webb to second
Batting: RHB Carlos Moyano 0-0: Called Strike
0-1: Ball
1-1: Ball
2-1: Foul Ball, location: 2F
2-2: Foul Ball, location: 2F
2-2: Ground out 4-3 (Groundball, 4, EV 86.2 MPH)
Bottom of the 8th over - 0 runs, 1 hit, 0 errors, 1 left on base; Toronto 5 - Minnesota 4
TOP OF THE 9TH
Toronto Blue Jays batting - Pitching for Minnesota Twins : RHP Mike Woods
Pitching: RHP Jesus Porras
Now at 2B: David Bellamy
Now at 3B: Shane Webb
Now at SS: Jonathan Cleland
Pinch Hitting: LHB Jason Christ 0-0: Called Strike
0-1: Foul Ball, location: 2F
0-2: Strikes out swinging
Pinch Hitting: RHB Julio Medina 0-0: Foul Ball, location: 2F
0-1: Ball
1-1: Ball
2-1: Foul Ball, location: 2F
2-2: Ball
3-2: Base on Balls
Pinch Hitting: RHB Alan Drennen 0-0: Ball
1-0: Ball
2-0: Grounds into double play, 5-4-3 (Groundball, 5, EV 87.5 MPH)
Top of the 9th over - 0 runs, 0 hits, 0 errors, 0 left on base; Toronto 5 - Minnesota 4
BOTTOM OF THE 9TH
Minnesota Twins batting - Pitching for Toronto Blue Jays : RHP Mike Sechler
Pitching: LHP Bradley Anslow
Now at C: Alan Drennen
Now at 2B: Julio Medina
Now in RF: Jason Christ
Pinch Hitting: RHB Mike Cordova 0-0: Foul Ball, location: 2F
0-1: SINGLE (Groundball, 15S, EV 76.9 MPH) (infield hit)
Pitching: LHP Noah Olson
Pinch Hitting: LHB Ray Bell 0-0: Swinging Strike
0-1: Called Strike
0-2: Foul Ball, location: 2F
0-2: Foul Ball, location: 2F
0-2: Strikes out swinging
Pinch Hitting: RHB Alex Chavez 0-0: Swinging Strike
0-1: Ball
1-1: Foul Ball, location: 2F
1-2: Ball
Balk!
Mike Cordova to second
2-2: Foul Ball, location: 2F
2-2: Foul Ball, location: 2F
2-2: Ball
3-2: Strikes out swinging
Batting: RHB John Hede 0-0: Called Strike
0-1: Ball
1-1: Ball
2-1: Ball
3-1: Foul Ball, location: 2F
3-2: Foul Ball, location: 2F
3-2: Base on Balls
Batting: RHB Zachary McDuffie 0-0: Ball
1-0: Ball
2-0: Ball
3-0: Called Strike
3-1: Base on Balls
Mike Cordova to third
John Hede to second
Batting: RHB Jonathan Cleland 0-0: Called Strike
0-1: Swinging Strike
0-2: Ball
1-2: Foul Ball, location: 2F
1-2: Foul Ball, location: 2F
1-2: Ball
2-2: Strikes out swinging
Bottom of the 9th over - 0 runs, 1 hit, 0 errors, 3 left on base; Toronto 5 - Minnesota 4
Saturday, October 23rd , 2021 - OOTP Baseball 22.10 Build 79